AoeStats
← 8

Hideout

507690343Analyzed
1v1 RM · 14d ago on Sep 19, 2026· 57m 9s· 2 players
Game mode
Random Map
Map size
Tiny (2 player)
Population
200
Speed
Normal
Resources
Standard
Victory
Conquest
Starting age
Dark Age
Ending age
Imperial Age
RankedLock teamsTeams togetherTeam positionsShared explorationLock speedFull tech treeHidden civsTurbo modeCheats
Victory
Defeat
🇺🇸 Italians · United States
979
+16
🇦🇺 Mongols · Australia
977
-16
x3meow
10:52 Feudal Age
11:19 Double-Bit Axe
11:14 Horse Collar
16:04 Loom
19:42 Castle Age
27:06 Bow Saw
28:02 Fletching
30:12 Wheelbarrow
30:26 Elite Skirmisher
33:15 Ballistics
33:14 Padded Archer Armor
44:25 Bodkin Arrow
46:04 Thumb Ring
8
5:14 Loom
8:31 Feudal Age
9:04 Double-Bit Axe
14:18 Fletching
17:11 Padded Archer Armor
23:52 Castle Age
24:12 Gold Mining
24:04 Horse Collar
24:53 Crossbowman
26:19 Wheelbarrow
26:19 Bodkin Arrow
29:55 Pikeman
34:37 Imperial Age
33:52 Thumb Ring
35:37 Arbalester
38:19 Bracer
40:21 Leather Archer Armor
41:46 Ring Archer Armor
44:48 Ballistics
46:33 Conscription
52:14 Scale Barding Armor
51:31 Cavalier
52:32 Bloodlines
56:11 Chemistry
56:40 Forging
56:36 Spies/Treason
Connection lost

Rejoining the realm…

Still unreachable

The connection could not be restored.

Session expired

The server has moved on; the page needs a fresh start.